 Dungeon Crawl Stone Soup version 0.28.0-53-g5a82cb258f (webtiles) character file.

Game seed: 15390056663920759257

0 hawla the Stinger (level 1, -2/10 HPs)
             Began as a Deep Elf Venom Mage on Aug 2, 2022.
             Killed from afar by a dart slug (4 damage)
             ... with a slug dart
             ... on level 1 of the Dungeon.
             The game lasted 00:00:29 (13 turns).

hawla the Stinger (Deep Elf Venom Mage)               Turns: 13, Time: 00:00:31

Health: -2/10      AC:  2    Str:  5    XL:     1   Next: 8%
Magic:  2/6        EV:  9    Int: 19    God:
Gold:   0          SH:  0    Dex: 15    Spells: 5/6 levels left

rFire   . . .      SeeInvis .   (no weapon)
rCold   . . .      Faith    .   (no shield)
rNeg    . . .      Spirit   .   a - +0 robe
rPois   .          Reflect  .   (no helmet)
rElec   .          Harm     .   (no cloak)
rCorr   .          Rampage  .   (no gloves)
Will    .....                   (no boots)
Stlth   ++........              (no amulet)
HPRegen 0.03/turn               (no ring)
MPRegen 0.10/turn               (no ring)

@: constricted
A: no striking features
a: no special abilities


You were on level 1 of the Dungeon.
You visited 1 branch of the dungeon, and saw 1 of its levels.

Inventory:

Armour
 a - a +0 robe (worn)


   Skills:
 + Level 2.4 Dodging
 + Level 2.4 Stealth
 + Level 3.0 Spellcasting
 + Level 1.1 Transmutations
 + Level 3.3 Poison Magic


You had 5 spell levels left.
You knew the following spells:

 Your Spells              Type           Power      Damage    Failure   Level
a - Sting                 Tmut/Pois      44%        1d5       6%          1

Your spell library contained the following spells:

 Spells                   Type           Power      Damage    Failure   Level
 Poisonous Vapours        Pois/Air       18%        N/A       12%         2
 Mephitic Cloud           Conj/Pois/Air  7%         N/A       28%         3
 Olgreb's Toxic Radiance  Pois           15%        N/A       36%         4


Dungeon Overview and Level Annotations

Branches:
Dungeon (1/15)

Altars:


Message History

Aim: a bat (moderately wounded, poisoned, 57% to hit)
The sting misses the bat.
The sting hits the plant.
The plant partially resists.
The plant is poisoned.
The plant begins to die.
The plant is lightly damaged.
The bat hits you. The rat closely misses you.
Casting: Sting (safe; 6% risk of failure)
Confirm with . or Enter, or press ? or * to list all spells.
Aiming: Sting (safe; 6% risk of failure)
Press: ? - help, Shift-Dir - straight line, f - endoplasm, p - bat
Aim: an endoplasm (98% to hit)
The sting hits the rat.
The rat is poisoned.
You kill the rat!
The bat hits you but does no damage. The dart slug launches a dart at you.
The slug dart misses you.
Casting: Sting (safe; 6% risk of failure)
Confirm with . or Enter, or press ? or * to list all spells.
Aiming: Sting (safe; 6% risk of failure)
Press: ? - help, Shift-Dir - straight line, f - dart slug, p - endoplasm
Aim: a dart slug (100% to hit)
The sting hits the dart slug.
The dart slug is poisoned.
The dart slug is heavily wounded.
The bat closely misses you. The endoplasm freezes you.
You are frozen.
A nearby plant withers and dies.
The bat looks more healthy.
The dart slug launches a dart at you. The slug dart hits you.
The ball python bites you but does no damage.
The ball python grabs you. The ball python constricts you.
* * * LOW HITPOINT WARNING * * *
The bat hits you but does no damage.
There is an open door here.
The ball python's grasp on you weakens, but your attempt to escape fails.
The bat hits you but does no damage. The ball python completely misses you.
The ball python constricts you.
* * * LOW HITPOINT WARNING * * *
The dart slug launches a dart at you. The slug dart hits you.
You die...

##≈≈≈.P.≈≈≈##
##≈≈P..8..P≈≈##
#≈≈≈.......≈≈≈#
#≈P.8..<..8.P≈#
#≈≈≈.......≈≈≈#
##≈≈P..8..P≈≈##
##≈≈≈...≈≈≈##
##≈≈≈.≈≈≈##
...###8@8###...
..)...wJS......
......†r.....##
.(.....b.......
...............
#......######..
#...... ..
....... ....$..


You could see a dart slug (poisoned), an endoplasm, a bat, a ball python and a
rat.

Vanquished Creatures
  A rat (D:1)
1 creature vanquished.

Vanquished Creatures (others)
  A plant (D:1)
1 creature vanquished.

Grand Total: 2 creatures vanquished

Notes
Turn   | Place    | Note
-------+----------+-------------------------------------------
     0 | D:1      | hawla the Deep Elf Venom Mage began the quest for the Orb.
     0 | D:1      | Reached XP level 1. HP: 10/10 MP: 6/6
    13 | D:1      | Killed from afar by a dart slug

Illustrated notes

Levels and vault maps discovered:
D:1:      lightli_arrival_statuegarden, layout_rooms, minmay_split_cup_small

Action                   || total
-------------------------++-------
Melee: Unarmed           ||     1
 Cast: Sting             ||     4
Armor: Robe              ||     4
Dodge: Dodged            ||     8
